AoeStats
← Ruzkiller

Arabia

509271773Analyzed
1v1 RM · 6d ago on Sep 26, 2026· 46m 42s· 2 players
Game mode
Random Map
Map size
Tiny (2 player)
Population
200
Speed
Normal
Resources
Standard
Victory
Conquest
Starting age
Dark Age
Ending age
Imperial Age
RankedLock teamsTeams togetherTeam positionsShared explorationLock speedFull tech treeHidden civsTurbo modeCheats
Victory
Defeat
🇨🇴 Persians · Colombia
681
+5
🇦🇺 Teutons · Australia
385
-5
Skw3rtLuv3r
7:54 Loom
11:14 Feudal Age
33:08 Castle Age
33:53 Elite Skirmisher
45:10 Imperial Age
Ruzkiller
6:17 Loom
9:15 Feudal Age
36:21 Castle Age
37:58 Fletching
Connection lost

Rejoining the realm…

Still unreachable

The connection could not be restored.

Session expired

The server has moved on; the page needs a fresh start.